 Dungeon Crawl Stone Soup version 0.29.0-4-gdea44cf6ec (webtiles) character file.

Game seed: 12624109265349187254

6828 qw the Grappler (level 10, 0/98 HPs)
             Began as a Troll Cinder Acolyte on Sept 2, 2022.
             Was a Priest of Ignis.
             Slain by a skeletal warrior
             ... wielding a +0 short sword of electrocution
              (20 damage)
             ... on level 13 of the Dungeon.
             The game lasted 00:04:05 (8062 turns).

qw the Grappler (Troll Cinder Acolyte)              Turns: 8062, Time: 00:04:05

Health: 0/98       AC: 20    Str: 28    XL:     10   Next: 77%
Magic:  10/10      EV: 10    Int: 10    God:    Ignis [***...]
Gold:   530        SH:  5    Dex: 12    Spells: 11/11 levels left

rFire   + . .      SeeInvis .     - Unarmed
rCold   + . .      Faith    .   (no shield)
rNeg    . . .      Spirit   .   a - +0 robe
rPois   .          Reflect  +   (helmet restricted)
rElec   .          Harm     .   d - +0 cloak
rCorr   .          Rampage  .   (gloves unavailable)
Will    .....                   (boots unavailable)
Stlth   +.........              n - amulet "Ijysobbi" {Reflect rC+ Dex+7 SH+5}
HPRegen 1.06/turn               e - +4 ring of protection
MPRegen 0.12/turn               p - +4 ring of protection

@: about to teleport, fiery-armoured
A: large, unfitting armour, claws 3, regeneration 1, shaggy fur 1, tough skin 1
a: Renounce Religion, Fiery Armour, Foxfire Swarm, Rising Flame


You were on level 13 of the Dungeon.
You worshipped Ignis.
Ignis was most pleased with you.
You visited 1 branch of the dungeon, and saw 11 of its levels.

You collected 530 gold pieces.


Innate Abilities, Weirdness & Mutations

You are too large for most types of armour.
You have claws for hands.
Your natural rate of healing is unusually fast.
You are covered in fur. (AC +1)
You have tough skin. (AC +1)


   Skills:
 - Level 6.0 Fighting
 - Level 1.6 Throwing
 - Level 1.1 Armour
 - Level 3.1 Dodging
 + Level 14.5 Unarmed Combat
 - Level 1.0 Spellcasting
 - Level 2.1 Fire Magic


You had 11 spell levels left.
You didn't know any spells.
Your spell library contained the following spells:

 Spells                   Type           Power      Damage    Failure   Level
 Scorch                   Fire           8%         2d5       22%         2

Inventory:

Missiles
 i - 4 boomerangs (quivered)
Armour
 a - a +0 robe (worn)
 d - a +0 cloak (worn)
Jewellery
 e - a +4 ring of protection (left claw)
 n - the amulet "Ijysobbi" (around neck) {Reflect rC+ Dex+7 SH+5}
   (You found it on level 8 of the Dungeon)

   [amulet of reflection]

   It reflects blocked missile attacks.
   Dex:       It affects your dexterity (+7).
   rC:        It protects you from cold.
   SH:        It affects your SH (+5).
 p - a +4 ring of protection (right claw)
Scrolls
 g - a scroll of teleportation
 h - 2 scrolls of identify
Potions
 b - 4 potions of curing
 c - 2 potions of haste
 f - a potion of resistance
 j - a potion of might
 l - a potion of mutation

Dungeon Overview and Level Annotations

Branches:
Dungeon (10/15)            Temple (0/1) D:6             Orc (0/2) D:9
   Lair: D:8-11

Altars:
Dithmenos
Qazlal
Ru
Vehumet
Yredelemnul
The Shining One

Annotations:
D:6 3 runed translucent doors, qw's ghost, novice TrCA


Message History

You block the skeletal warrior's attack. x2
8052 ||| Stepping ~*~*~tactically~*~*~ (outnumbered).
The skeletal warrior attacks as you move away!
The skeletal warrior hits you but does no damage.
8053 ||| Stepping ~*~*~tactically~*~*~ (outnumbered).
You scratch the skeletal warrior but do no damage.
The skeletal warrior barely misses you.
You closely miss the skeletal warrior.
The skeletal warrior hits you with a +0 hand axe!
The skeletal warrior is burned by your cloak of flames.
The skeletal warrior is lightly damaged.
8056 ||| Stepping ~*~*~tactically~*~*~ (outnumbered).
The skeletal warrior attacks as you move away!
You block the skeletal warrior's attack.
The skeletal warrior attacks as you move away!
The skeletal warrior hits you with a +0 hand axe!!
The skeletal warrior attacks as you move away!
The skeletal warrior hits you but does no damage.
8057 ||| Stepping ~*~*~tactically~*~*~ (outnumbered).
The skeletal warrior attacks as you move away!
The skeletal warrior hits you with a +0 dire flail.
The skeletal warrior is burned by your cloak of flames.
The skeletal warrior is severely damaged.
8058 ||| Stepping ~*~*~tactically~*~*~ (outnumbered).
The skeletal warrior attacks as you move away!
The skeletal warrior barely misses you.
8059 ||| Stepping ~*~*~tactically~*~*~ (outnumbered).
The skeletal warrior attacks as you move away!
The skeletal warrior hits you with a +0 short sword of electrocution!
You are electrocuted!
8060 ||| READING 2 scrolls of teleportation.
As you read the scroll of teleportation, it crumbles to dust.
You feel strangely unstable.
You block the skeletal warrior's attack.
8061 ||| Stepping ~*~*~tactically~*~*~ (outnumbered).
You barely miss the skeletal warrior.
The skeletal warrior is severely damaged.
The skeletal warrior hits you but does no damage.
You are electrocuted!!
You die...

#.....# #...# #.....#
#..## ##....## #...#
#.....# #...#
#.....###...#
#...........#
#z.........##
##z........##
#@z.....####
#....#### ##....#
###.....# ........#
........###
..........###########
...##...............#
..# ###..............


You could see 3 skeletal warriors.

Vanquished Creatures
  A boulder beetle (D:8)
  A catoblepas (D:13)
  An ugly thing (D:7)
  A gargoyle (D:13)
  A hornet (D:5)
  2 wyverns
  A wraith (D:9)
  5 yaks (D:8)
  A steam dragon (D:7)
  3 water moccasins
  3 orc warriors
  A black bear (D:6)
  2 sky beasts
  3 ice beasts
  2 centaurs (D:9)
  3 ogres
  A phantom (D:7)
  2 necrophages
  A bullfrog (D:8)
  5 scorpions
  5 wights (D:8)
  3 killer bees (D:7)
  3 jellies
  A howler monkey (D:7)
  A bullfrog zombie (D:6)
  A centaur zombie (D:6)
  3 hounds
  4 orc priests
  Crazy Yiuf (D:4)
  A gnoll bouda (D:6)
  5 iguanas
  Jessica (D:2)
  Natasha (twice) (D:3)
  An orc wizard (D:8)
  10 gnolls
  9 adders
  3 shadow imps
  2 worms
  2 dart slugs
  21 orcs
  4 bats
  6 endoplasms
  7 giant cockroaches
  5 goblins
  8 hobgoblins
  7 jackals
  8 kobolds
  6 quokkas
  8 ball pythons
  4 frilled lizards
  5 rats
187 creatures vanquished.

Vanquished Creatures (others)
  16 plants (D:3)
16 creatures vanquished.

Grand Total: 203 creatures vanquished

Notes
Turn   | Place    | Note
-------+----------+-------------------------------------------
     0 | D:1      | qw the Troll Cinder Acolyte began the quest for the Orb.
     0 | D:1      | Reached XP level 1. HP: 22/22 MP: 1/1
     0 | D:1      | 0 ||| qw: Version: 0.1-a-97-g2dd2ca4
     0 | D:1      | 0 ||| qw: Game counter: 4906
     0 | D:1      | 0 ||| qw: Always use a shield: true
     0 | D:1      | 0 ||| qw: God list: Okawaru
     0 | D:1      | 0 ||| qw: Allow faded altars: false
     0 | D:1      | 0 ||| qw: Do Orc after D:15 true
     0 | D:1      | 0 ||| qw: Do second Lair branch before Depths: true
     0 | D:1      | 0 ||| qw: Lair rune preference: random
     0 | D:1      | 0 ||| qw: Plans: Normal
     0 | D:1      | 0 ||| PLANNING D:1-11
    76 | D:1      | 76 ||| Stepping ~*~*~tactically~*~*~ (stealth).
    78 | D:1      | 78 ||| INVOKING Fiery Armour.
    79 | D:1      | 79 ||| Stepping ~*~*~tactically~*~*~ (stealth).
    87 | D:1      | Reached XP level 2. HP: 29/29 MP: 2/2
   199 | D:1      | Reached skill level 4 in Unarmed Combat
   486 | D:1      | 486 ||| UPGRADING to +0 cloak.
   491 | D:1      | 491 ||| UPGRADING to +4 ring of protection.
   492 | D:1      | 492 ||| DROPPING ring of flight.
   493 | D:1      | 493 ||| READING scroll labelled UPHAS AS CORAU.
   571 | D:2      | Noticed Jessica
   572 | D:2      | 572 ||| Stepping ~*~*~tactically~*~*~ (hiding).
   579 | D:2      | 579 ||| INVOKING Fiery Armour.
   580 | D:2      | Killed Jessica
   581 | D:2      | Reached XP level 3. HP: 20/36 MP: 3/3
   581 | D:2      | 581 ||| FLEEEEING.
   582 | D:2      | 582 ||| FLEEEEING.
   586 | D:2      | 586 ||| FLEEEEING.
   587 | D:2      | 587 ||| FLEEEEING.
   588 | D:2      | 588 ||| FLEEEEING.
   589 | D:2      | 589 ||| FLEEEEING.
   590 | D:2      | 590 ||| FLEEEEING.
   593 | D:2      | 593 ||| FLEEEEING.
   676 | D:2      | Reached XP level 4. HP: 41/44 MP: 4/4
   712 | D:2      | 712 ||| Stepping ~*~*~tactically~*~*~ (hiding).
   713 | D:2      | 713 ||| Stepping ~*~*~tactically~*~*~ (hiding).
   720 | D:2      | Reached skill level 5 in Unarmed Combat
  1364 | D:2      | 1364 ||| UPGRADING to ring of resist corrosion.
  1365 | D:2      | 1365 ||| READING scroll labelled VUITAELOJO.
  1366 | D:2      | 1366 ||| READING scroll labelled AKIATH VAICW.
  1367 | D:2      | 1367 ||| READING 2 scrolls of identify.
  1367 | D:2      | 1367 ||| IDENTIFYING amethyst potion
  1400 | D:3      | 1400 ||| Stepping ~*~*~tactically~*~*~ (stealth).
  1464 | D:3      | 1464 ||| Stepping ~*~*~tactically~*~*~ (stealth).
  1502 | D:3      | Noticed Natasha
  1506 | D:3      | 1506 ||| Stepping ~*~*~tactically~*~*~ (outnumbered).
  1507 | D:3      | Killed Natasha
  1585 | D:3      | Found a faded altar of an unknown god.
  1723 | D:3      | Reached XP level 5. HP: 50/50 MP: 5/5
  1740 | D:3      | 1740 ||| Stepping ~*~*~tactically~*~*~ (stealth).
  2108 | D:3      | 2108 ||| READING scroll labelled YSKANU HIAZU.
  2109 | D:3      | 2109 ||| READING scroll labelled YFAMETULA HOCA.
  2110 | D:3      | 2110 ||| DRINKING 2 coppery potions.
  2111 | D:3      | 2111 ||| READING 2 scrolls of identify.
  2111 | D:3      | 2111 ||| IDENTIFYING lumpy pink potion
  2112 | D:3      | 2112 ||| DROPPING potion of invisibility.
  2142 | D:3      | Noticed Natasha
  2144 | D:3      | 2144 ||| Stepping ~*~*~tactically~*~*~ (hiding).
  2152 | D:3      | Killed Natasha
  2153 | D:3      | Reached skill level 6 in Unarmed Combat
  2273 | D:4      | 2273 ||| Stepping ~*~*~tactically~*~*~ (stealth).
  2275 | D:4      | 2275 ||| Stepping ~*~*~tactically~*~*~ (stealth).
  2480 | D:4      | 2480 ||| Stepping ~*~*~tactically~*~*~ (stealth).
  2482 | D:4      | 2482 ||| Stepping ~*~*~tactically~*~*~ (stealth).
  2488 | D:4      | Reached XP level 6. HP: 50/59 MP: 6/6
  2501 | D:4      | 2501 ||| Stepping ~*~*~tactically~*~*~ (stealth).
  2503 | D:4      | 2503 ||| Stepping ~*~*~tactically~*~*~ (hiding).
  2569 | D:4      | 2569 ||| Stepping ~*~*~tactically~*~*~ (stealth).
  2572 | D:4      | Reached skill level 7 in Unarmed Combat
  2578 | D:4      | 2578 ||| FLEEEEING.
  2579 | D:4      | 2579 ||| FLEEEEING.
  2580 | D:4      | 2580 ||| FLEEEEING.
  2649 | D:4      | Found a sacrificial altar of Ru.
  2731 | D:4      | Found a runed translucent door.
  2732 | D:4      | Noticed Crazy Yiuf
  3037 | D:4      | Found a shadowy altar of Dithmenos.
  3176 | D:4      | 3176 ||| UPGRADING to amulet of regeneration.
  3181 | D:4      | 3181 ||| UPGRADING to ring of willpower.
  3183 | D:4      | 3183 ||| READING scroll labelled EMUTZEOVUFF.
  3184 | D:4      | 3184 ||| READING scroll labelled LOEMUU BEOF.
  3309 | D:4      | 3309 ||| Stepping randomly (stuck).
  3310 | D:4      | Killed Crazy Yiuf
  3389 | D:5      | Entered Level 5 of the Dungeon
  3560 | D:5      | 3560 ||| Stepping ~*~*~tactically~*~*~ (stealth).
  3576 | D:5      | Reached skill level 8 in Unarmed Combat
  3576 | D:5      | Reached XP level 7. HP: 63/66 MP: 7/7
  3580 | D:5      | 3580 ||| Stepping ~*~*~tactically~*~*~ (stealth).
  3739 | D:5      | Reached skill level 3 in Fighting
  3765 | D:5      | 3765 ||| Stepping ~*~*~tactically~*~*~ (stealth).
  3767 | D:5      | 3767 ||| Stepping ~*~*~tactically~*~*~ (hiding).
  3770 | D:5      | 3770 ||| Stepping ~*~*~tactically~*~*~ (hiding).
  3774 | D:5      | 3774 ||| Stepping ~*~*~tactically~*~*~ (outnumbered).
  3916 | D:5      | Found a glowing golden altar of the Shining One.
  3967 | D:5      | 3967 ||| Stepping ~*~*~tactically~*~*~ (stealth).
  3975 | D:5      | 3975 ||| Stepping ~*~*~tactically~*~*~ (stealth).
  4418 | D:5      | 4418 ||| DROPPING ring of resist corrosion.
  4419 | D:5      | 4419 ||| UPGRADING to +4 ring of protection.
  4421 | D:5      | 4421 ||| DROPPING ring of willpower.
  4422 | D:5      | 4422 ||| READING scroll labelled GUN VUICZA.
  4423 | D:5      | 4423 ||| READING 2 scrolls of identify.
  4423 | D:5      | 4423 ||| IDENTIFYING bubbling black potion
  4474 | D:6      | Noticed a hornet
  4475 | D:6      | 4475 ||| STAIRDANCE
  4482 | D:5      | Killed a hornet
  4483 | D:5      | Reached skill level 9 in Unarmed Combat
  4483 | D:5      | Reached XP level 8. HP: 69/75 MP: 8/8
  4507 | D:6      | Reached skill level 1 in Throwing
  4534 | D:6      | Found a stormy altar of Qazlal.
  4544 | D:6      | Reached skill level 1 in Dodging
  4567 | D:6      | Found a staircase to the Ecumenical Temple.
  4577 | D:6      | Reached skill level 10 in Unarmed Combat
  4632 | D:6      | 4632 ||| Stepping ~*~*~tactically~*~*~ (hiding).
  4634 | D:6      | 4634 ||| INVOKING Fiery Armour.
  4635 | D:6      | 4635 ||| Stepping ~*~*~tactically~*~*~ (outnumbered).
  4843 | D:6      | Found a runed translucent gate.
  4844 | D:6      | Found a runed translucent gate.
  4928 | D:6      | Found a runed translucent gate.
  4930 | D:6      | Noticed qw's ghost (novice TrCA)
  4994 | D:6      | Reached skill level 11 in Unarmed Combat
  4994 | D:6      | Reached XP level 9. HP: 84/84 MP: 9/9
  5242 | D:6      | Found a basalt altar of Yredelemnul.
  5297 | D:6      | 5297 ||| READING scroll labelled MEOT JAAWOT.
  5298 | D:6      | 5298 ||| DRINKING 2 white potions.
  5299 | D:6      | 5299 ||| READING 2 scrolls of identify.
  5299 | D:6      | 5299 ||| IDENTIFYING fuming dark potion
  5300 | D:6      | 5300 ||| DROPPING potion of attraction.
  5716 | D:7      | Reached skill level 12 in Unarmed Combat
  5816 | D:7      | Noticed a green ugly thing
  5823 | D:7      | Killed a green ugly thing
  6017 | D:7      | 6017 ||| READING 2 scrolls labelled UMUKIUK KISU.
  6018 | D:7      | 6018 ||| READING scroll labelled HOCKUHI TAOFID.
  6119 | D:7      | 6119 ||| READING scroll labelled IROEZ SIPISUX.
  6120 | D:7      | 6120 ||| READING 3 scrolls of identify.
  6120 | D:7      | 6120 ||| IDENTIFYING murky sapphire potion
  6121 | D:7      | 6121 ||| DROPPING potion of ambrosia.
  6122 | D:7      | 6122 ||| DROPPING scroll of immolation.
  6140 | D:8      | 6140 ||| Stepping ~*~*~tactically~*~*~ (outnumbered).
  6142 | D:8      | 6142 ||| Stepping ~*~*~tactically~*~*~ (outnumbered).
  6165 | D:8      | Found a sacrificial altar of Ru.
  6174 | D:8      | 6174 ||| Stepping ~*~*~tactically~*~*~ (outnumbered).
  6175 | D:8      | 6175 ||| Stepping ~*~*~tactically~*~*~ (outnumbered).
  6176 | D:8      | 6176 ||| Stepping ~*~*~tactically~*~*~ (outnumbered).
  6177 | D:8      | 6177 ||| Stepping ~*~*~tactically~*~*~ (outnumbered).
  6178 | D:8      | 6178 ||| Stepping ~*~*~tactically~*~*~ (outnumbered).
  6179 | D:8      | 6179 ||| Stepping ~*~*~tactically~*~*~ (outnumbered).
  6180 | D:8      | 6180 ||| Stepping ~*~*~tactically~*~*~ (outnumbered).
  6181 | D:8      | 6181 ||| Stepping ~*~*~tactically~*~*~ (outnumbered).
  6182 | D:8      | 6182 ||| Stepping ~*~*~tactically~*~*~ (outnumbered).
  6333 | D:8      | Identified the amulet "Ijysobbi" {Reflect rC+ Dex+7 SH+5}
  6373 | D:8      | Found a radiant altar of Vehumet.
  6374 | D:8      | 6374 ||| Stepping ~*~*~tactically~*~*~ (outnumbered).
  6380 | D:8      | Reached skill level 13 in Unarmed Combat
  6380 | D:8      | Reached XP level 10. HP: 88/96 MP: 10/10
  6387 | D:8      | Reached skill level 1 in Armour
  6427 | D:8      | 6427 ||| Stepping ~*~*~tactically~*~*~ (hiding).
  6433 | D:8      | 6433 ||| Stepping ~*~*~tactically~*~*~ (outnumbered).
  6441 | D:8      | 6441 ||| INVOKING Fiery Armour.
  6561 | D:8      | 6561 ||| Stepping ~*~*~tactically~*~*~ (outnumbered).
  6562 | D:8      | 6562 ||| Stepping ~*~*~tactically~*~*~ (stealth).
  6567 | D:8      | 6567 ||| Stepping ~*~*~tactically~*~*~ (outnumbered).
  6573 | D:8      | 6573 ||| Stepping ~*~*~tactically~*~*~ (outnumbered).
  6768 | D:8      | Noticed a boulder beetle
  6769 | D:8      | 6769 ||| INVOKING Fiery Armour.
  6786 | D:8      | Killed a boulder beetle
  6787 | D:8      | Reached skill level 14 in Unarmed Combat
  6810 | D:8      | 6810 ||| UPGRADING to amulet "Ijysobbi" {Reflect rC+ Dex+7
                  | SH+5}.
  6820 | D:8      | 6820 ||| DROPPING amulet of regeneration.
  6821 | D:8      | 6821 ||| READING 2 scrolls of identify.
  6821 | D:8      | 6821 ||| IDENTIFYING glowing silvery potion
  6822 | D:8      | 6822 ||| DROPPING potion of brilliance.
  6920 | D:9      | 6920 ||| Stepping ~*~*~tactically~*~*~ (stealth).
  6928 | D:9      | 6928 ||| Stepping ~*~*~tactically~*~*~ (stealth).
  7100 | D:9      | 7100 ||| Stepping ~*~*~tactically~*~*~ (hiding).
  7101 | D:9      | 7101 ||| Stepping ~*~*~tactically~*~*~ (hiding).
  7102 | D:9      | 7102 ||| Stepping ~*~*~tactically~*~*~ (hiding).
  7249 | D:9      | 7249 ||| Stepping ~*~*~tactically~*~*~ (stealth).
  7251 | D:9      | 7251 ||| Stepping ~*~*~tactically~*~*~ (stealth).
  7253 | D:9      | 7253 ||| Stepping ~*~*~tactically~*~*~ (stealth).
  7269 | D:9      | Found a staircase to the Orcish Mines.
  7270 | D:9      | 7270 ||| Stepping ~*~*~tactically~*~*~ (stealth).
  7313 | D:9      | 7313 ||| Stepping ~*~*~tactically~*~*~ (hiding).
  7317 | D:9      | Reached skill level 3 in Dodging
  7651 | D:10     | Entered Level 10 of the Dungeon
  7653 | D:10     | You fall into a shaft and drop 3 floors!
  7714 | D:13     | Noticed a gargoyle
  7715 | D:13     | 7715 ||| Stepping ~*~*~tactically~*~*~ (hiding).
  7719 | D:13     | Killed a gargoyle
  7720 | D:13     | Reached skill level 6 in Fighting
  7875 | D:13     | Noticed a catoblepas
  7876 | D:13     | 7876 ||| INVOKING Fiery Armour.
  7878 | D:13     | Noticed a skeletal warrior
  7879 | D:13     | 7879 ||| Stepping ~*~*~tactically~*~*~ (cloud).
  7879 | D:13     | Noticed a skeletal warrior
  7879 | D:13     | Noticed a skeletal warrior
  7881 | D:13     | 7881 ||| Stepping ~*~*~tactically~*~*~ (cloud).
  7882 | D:13     | 7882 ||| Stepping ~*~*~tactically~*~*~ (cloud).
  7886 | D:13     | 7886 ||| Stepping ~*~*~tactically~*~*~ (cloud).
  7891 | D:13     | Killed a catoblepas
  7897 | D:13     | 7897 ||| Stepping ~*~*~tactically~*~*~ (outnumbered).
  7898 | D:13     | 7898 ||| Stepping ~*~*~tactically~*~*~ (outnumbered).
  7900 | D:13     | HP: 21/98 [skeletal warrior/+0 hand axe (11)]
  7901 | D:13     | 7901 ||| READING 3 scrolls of teleportation.
  7902 | D:13     | 7902 ||| Stepping ~*~*~tactically~*~*~ (outnumbered).
  7903 | D:13     | HP: 5/98 [skeletal warrior/+0 short sword of electrocution
                  | (16)]
  7904 | D:13     | 7904 ||| Stepping ~*~*~tactically~*~*~ (outnumbered).
  7905 | D:13     | 7905 ||| Stepping ~*~*~tactically~*~*~ (outnumbered).
  7906 | D:13     | 7906 ||| Stepping ~*~*~tactically~*~*~ (outnumbered).
  8043 | D:13     | 8043 ||| INVOKING Fiery Armour.
  8052 | D:13     | 8052 ||| Stepping ~*~*~tactically~*~*~ (outnumbered).
  8053 | D:13     | 8053 ||| Stepping ~*~*~tactically~*~*~ (outnumbered).
  8056 | D:13     | 8056 ||| Stepping ~*~*~tactically~*~*~ (outnumbered).
  8057 | D:13     | 8057 ||| Stepping ~*~*~tactically~*~*~ (outnumbered).
  8058 | D:13     | 8058 ||| Stepping ~*~*~tactically~*~*~ (outnumbered).
  8059 | D:13     | 8059 ||| Stepping ~*~*~tactically~*~*~ (outnumbered).
  8059 | D:13     | HP: 16/98 [skeletal warrior/+0 short sword of electrocution
                  | (16)]
  8060 | D:13     | 8060 ||| READING 2 scrolls of teleportation.
  8061 | D:13     | 8061 ||| Stepping ~*~*~tactically~*~*~ (outnumbered).
  8062 | D:13     | Slain by a skeletal warrior

Levels and vault maps discovered:
D:1:      pf_arrival_petrified_forest, layout_rooms
D:2:      layout_basic, uniq_jessica
D:3:      layout_basic, dreamdust_ecumenical_altar_hidden_monk_grotto,
          serial_bayou, serial_bayou_pond_a, serial_bayou_pond_c,
          serial_bayou_shore_a, serial_bayou_lake_a, serial_bayou_pond_b,
          serial_bayou_crossing, minmay_distorted, uniq_natasha
D:4:      layout_basic, nicolae_overflow_hidden_temple,
          nicolae_ru_sacrificial_ziggurat, st_stairs_3, kennysheep_another_room,
          minivault_1, uniq_crazy_yiuf_cottage
D:5:      layout_loops_corners, mainiacjoe_overflow_paths
D:6:      layout_gridville, lemuel_zombie_altar_yredelemnul,
          nicolae_qazlal_general_emergency, minmay_temple_entry_large_hall,
          ebering_ghost_rock_garden
D:7:      layout_cave_pods, chequers_serial_rivers_small_b,
          minmay_misc_feat_roman
D:8:      layout_gridville, hangedman_feature_mirror
D:9:      layout_loops_ring, david_orc_2
D:10:     gammafunk_sealed_arena, layout_irregular_city,
          mainiacjoe_overflow_24_doors, david_lair_shrubbed,
          kennysheep_generic_room_2
D:13:     layout_layer_cave, david_vaults_3, minivault_16

Skill      XL: |  1  2  3  4  5  6  7  8  9 10 |
---------------+-------------------------------+-----
Unarmed Combat | 4 5 6 8 9 11 13 14 | 14.5
Fighting       | 3 4 5 6 |  6.0
Throwing       | 1 |  1.6
Dodging        | 1 3 |  3.1
Armour         | 1 |  1.1
Spellcasting   | |  1.0
Fire Magic     | |  2.1

Action                   |  1- 3 |  4- 6 |  7- 9 | 10-12 || total
-------------------------+-------+-------+-------+-------++-------
Melee: Unarmed           |    52 |   149 |   218 |   105 ||   524
       Punch             |     1 |       |     5 |    11 ||    17
Throw: Boomerang         |       |    39 |    60 |    23 ||   122
Invok: Fiery Armour      |     2 |       |     1 |     4 ||     7
  Use: Scroll            |     1 |     8 |     8 |     3 ||    20
       Potion            |       |     1 |     1 |       ||     2
 Stab: Distracted        |       |     1 |       |       ||     1
       Petrified         |       |       |       |     1 ||     1
Armor: Robe              |    12 |    46 |   127 |    30 ||   215
Dodge: Dodged            |    24 |    59 |   102 |    27 ||   212
Block: Other             |       |       |       |    12 ||    12
       Reflection        |       |       |       |     2 ||     2

Table legend:
 A = Non-vault XP
 B = Vault XP
 C = Vault XP percentage of total XP
 D = Non-vault monster count
 E = Vault monster count
 F = Vault count percentage of total count
                 A         B        C        D         E       F
            +---------+---------+-------+---------+---------+-------
      Total |    8686 |    1069 |  11.0 |     165 |      22 |  11.8
            +---------+---------+-------+---------+---------+-------
        D:1 |      37 |       0 |   0.0 |      21 |       0 |   0.0
        D:2 |      52 |      37 |  41.6 |      22 |       1 |   4.3
        D:3 |      89 |      40 |  31.0 |      17 |       5 |  22.7
        D:4 |     391 |      47 |  10.7 |      18 |       4 |  18.2
        D:5 |     777 |       0 |   0.0 |      15 |       0 |   0.0
        D:6 |    1412 |      92 |   6.1 |      24 |       2 |   7.7
        D:7 |    1700 |       0 |   0.0 |      15 |       0 |   0.0
        D:8 |    2331 |     711 |  23.4 |      27 |       6 |  18.2
        D:9 |     620 |     142 |  18.6 |       4 |       4 |  50.0
       D:13 |    1277 |       0 |   0.0 |       2 |       0 |   0.0
            +---------+---------+-------+---------+---------+-------
